 Dungeon Crawl Stone Soup version 0.28.0-53-g5a82cb258f (webtiles) character file.

Game seed: 5696159212332678205

1535 Jerry the Shield-Bearer (level 9, -2/69 HPs)
             Began as a Human Fighter on July 8, 2022.
             Was an Initiate of Okawaru.
             Slain by a wyvern skeleton (9 damage)
             ... on level 7 of the Dungeon.
             The game lasted 00:12:53 (6892 turns).

Jerry the Shield-Bearer (Human Fighter)             Turns: 6892, Time: 00:12:54

Health: -2/69      AC:  7    Str: 20    XL:     9   Next: 11%
Magic:  9/9        EV: 10    Int: 11    God:    Okawaru [......]
Gold:   305        SH:  5    Dex: 14    Spells: 8/8 levels left

rFire   . . .      SeeInvis .   a - +0 long sword
rCold   + . .      Faith    .   c - +0 buckler
rNeg    . . .      Spirit   .   G - +3 leather armour
rPois   .          Reflect  .   l - +1 hat {Int+3}
rElec   .          Harm     .   (no cloak)
rCorr   .          Rampage  .   (no gloves)
Will    +....                   (no boots)
Stlth   +.........              (no amulet)
HPRegen 0.21/turn               t - ring of protection from cold
MPRegen 0.11/turn               f - ring of willpower

@: no status effects
A: no striking features
a: Renounce Religion


You were on level 7 of the Dungeon.
You worshipped Okawaru.
Okawaru was noncommittal.
You visited 2 branches of the dungeon, and saw 10 of its levels.

You collected 305 gold pieces.

Inventory:

Hand Weapons
 a - a +0 long sword (weapon)
Missiles
 h - 4 poisoned darts (quivered)
Armour
 c - a +0 buckler (worn)
 l - a +1 hat of intelligence (worn)
 G - a +3 leather armour (worn)
Jewellery
 f - a ring of willpower (right hand)
 t - a ring of protection from cold (left hand)
 D - a ring of positive energy
 H - a ring of protection from cold
Wands
 y - a wand of acid (20)
 A - a wand of polymorph (2)
 B - a wand of iceblast (8)
 E - a wand of digging (5)
Scrolls
 b - 2 scrolls of vulnerability {unknown}
 e - 8 scrolls of identify {unknown}
 g - 2 scrolls of fear {unknown}
 m - 2 scrolls of silence {unknown}
 n - a scroll of immolation {unknown}
 o - 2 scrolls of enchant weapon {unknown}
 r - 5 scrolls of teleportation {unknown}
 u - a scroll of amnesia {unknown}
 v - a scroll of acquirement {unknown}
 x - a scroll of torment {unknown}
 z - a scroll of blinking {unknown}
Potions
 d - 2 potions of might
 i - 2 potions of lignification {unknown}
 k - 2 potions of haste {unknown}
 p - 2 potions of resistance {unknown}
 q - 3 potions of curing {unknown}
 s - 3 potions of attraction {unknown}
 w - a potion of degeneration {unknown}
 C - a potion of berserk rage {unknown}
 F - a potion of brilliance {unknown}


   Skills:
 + Level 6.1 Fighting
 + Level 5.7 Long Blades
 + Level 6.1 Armour
 + Level 6.1 Shields


You had 8 spell levels left.
You didn't know any spells.
Your spell library contained the following spells:

 Spells                   Type           Power      Damage    Failure   Level
 Shock                    Conj/Air       0%         1d3       45%         1
 Swiftness                Air            0%         N/A       83%         3
 Airstrike                Air            0%         N/A       99%         4
 Freezing Cloud           Conj/Ice/Air   0%         6-21      100%        5
 Polar Vortex             Ice            0%         N/A       100%        9
 Simulacrum               Ice/Necr       Unusable   N/A       N/A         6

Dungeon Overview and Level Annotations

Branches:
Dungeon (9/15)             Temple (1/1) D:5
   Lair: D:8-11         Orc: D:9-12

Altars:
Ashenzari
Cheibriados
Dithmenos
Elyvilon
Fedhas
Gozag
Hepliaklqana
Kikubaaqudgha
Makhleb
Nemelex Xobeh
Okawaru
Ru
Sif Muna
Trog
Wu Jian
Xom
Yredelemnul
Zin
The Shining One
Lugonu


Message History

The orc barely misses you. The orc hits you with a +0 dagger.
The orc priest looks braver for a moment.
You barely miss the orc priest.
The orc priest is heavily wounded.
The orc completely misses you. The orc hits you but does no damage.
The orc priest closely misses you. The orc hits you with a +0 flail.
You barely miss the orc priest.
The orc priest is heavily wounded.
The orc barely misses you. You block the orc priest's attack.
The orc hits you with a +0 flail.
You completely miss the orc priest.
The orc priest is heavily wounded.
The orc hits you but does no damage.
The orc priest mumbles some strange prayers to Beogh against you.
Pain shoots through your body! The orc hits you with a +0 flail.
The orc hits you but does no damage.
You slash the orc priest!
You kill the orc priest!
Okawaru accepts your kill. You block the orc's attack.
The orc hits you but does no damage.
You completely miss the wyvern skeleton.
The wyvern skeleton bites you! The orc hits you with a +0 flail.
* * * LOW HITPOINT WARNING * * *
You block the orc's attack. The wyvern skeleton closely misses you.
The orc hits you but does no damage. You block the orc's attack.
The wyvern skeleton barely misses you. The wyvern skeleton bites you.
* * * LOW HITPOINT WARNING * * *
The wyvern skeleton barely misses you. The wyvern skeleton bites you.
* * * LOW HITPOINT WARNING * * *
The wyvern skeleton bites you!
* * * LOW HITPOINT WARNING * * *
You block the wyvern skeleton's attack.
You barely miss the wyvern skeleton. You block the wyvern skeleton's attack.
You slash the wyvern skeleton!
The wyvern skeleton is moderately damaged.
The wyvern skeleton bites you!
You die...

#..# #.......#.>..# #..#
#............# ..#######..##
#.......###..# .......##...#
#......## #.# ............#
#......## .#
............#####.......# ##
......###...........#...#
.......#..........###...#
.......#........@# #... #.
.............#.Z####....### #.#
..........).##.o..........#####..
...........####o..............#..
..........## #..................
.........## #..o.............).
.........# ####..................
........####.....................
.................................


You could see 2 orcs and a wyvern skeleton.

Vanquished Creatures
  Grinder (D:4)
  Menkaure (D:5)
  A black bear (D:7)
  2 ogres (D:4)
  A centaur (D:7)
  2 phantoms
  3 scorpions
  A howler monkey (D:4)
  An orc priest (D:7)
  2 jellies
  A bullfrog skeleton (D:5)
  A centaur skeleton (D:3)
  2 hounds
  Terence (D:2)
  An iguana (D:5)
  2 orc wizards
  3 hound skeletons
  3 adders
  3 gnolls (D:3)
  A howler monkey skeleton (D:6)
  2 shadow imps (D:7)
  2 white imps (D:5)
  A worm (D:4)
  4 dart slugs
  19 orcs
  3 bats
  5 endoplasms
  7 giant cockroaches
  2 goblins
  2 hobgoblins
  6 jackals
  9 kobolds
  2 quokkas
  7 ball pythons
  4 frilled lizards
  A quokka skeleton (D:4)
109 creatures vanquished.

Vanquished Creatures (others)
  A gnoll (D:3)
1 creature vanquished.

Grand Total: 110 creatures vanquished

Notes
Turn   | Place    | Note
-------+----------+-------------------------------------------
     0 | D:1      | Jerry the Human Fighter began the quest for the Orb.
     0 | D:1      | Reached XP level 1. HP: 18/18 MP: 1/1
   122 | D:1      | Reached XP level 2. HP: 14/24 MP: 2/2
   732 | D:1      | Reached XP level 3. HP: 29/29 MP: 3/3
  1010 | D:2      | Found a faded altar of an unknown god.
  1012 | D:2      | Noticed Terence
  1025 | D:2      | Killed Terence
  1026 | D:2      | Reached XP level 4. HP: 15/35 MP: 4/4
  1971 | D:3      | Reached XP level 5. HP: 14/42 MP: 5/5
  2592 | D:3      | Found a basalt altar of Yredelemnul.
  2824 | D:3      | Found a white marble altar of Elyvilon.
  3028 | D:4      | Reached XP level 6. HP: 39/48 MP: 6/6
  3097 | D:4      | Noticed Grinder
  3175 | D:4      | Killed Grinder
  3176 | D:4      | Reached XP level 7. HP: 8/55 MP: 7/7
  3667 | D:4      | Reached skill level 5 in Fighting
  3667 | D:4      | Reached skill level 5 in Armour
  3667 | D:4      | Reached skill level 5 in Shields
  3806 | D:4      | Reached XP level 8. HP: 62/62 MP: 8/8
  4089 | D:5      | Entered Level 5 of the Dungeon
  4473 | D:5      | Noticed Menkaure
  4807 | D:5      | Killed Menkaure
  4808 | D:5      | Reached skill level 5 in Long Blades
  5134 | D:5      | Found a staircase to the Ecumenical Temple.
  5153 | Temple   | Entered the Ecumenical Temple
  5201 | Temple   | Became a worshipper of Warmaster Okawaru
  5374 | D:5      | Found a snail-covered altar of Cheibriados.
  5375 | D:5      | Found a burning altar of Makhleb.
  5375 | D:5      | Found a bloodstained altar of Trog.
  5375 | D:5      | Found an ancient bone altar of Kikubaaqudgha.
  5376 | D:5      | Found a broken altar of Ashenzari.
  5376 | D:5      | Found a shimmering blue altar of Sif Muna.
  5821 | D:5      | Found a sacrificial altar of Ru.
  5821 | D:5      | Found a sparkling altar of Nemelex Xobeh.
  5822 | D:5      | Found an ornate altar of the Wu Jian Council.
  5823 | D:5      | Found an opulent altar of Gozag.
  5823 | D:5      | Found a glowing silver altar of Zin.
  6076 | D:6      | You fall into a shaft and drop 3 floors!
  6443 | D:6      | Noticed a yak
  6443 | D:6      | Noticed a yak
  6677 | D:7      | Reached XP level 9. HP: 59/69 MP: 9/9
  6892 | D:7      | Slain by a wyvern skeleton

Illustrated notes

Levels and vault maps discovered:
D:1:      dpeg_arrival_simpleton_a, layout_basic, corexii_hall_statues_x,
          chequers_serial_rivers_micro_d
D:2:      layout_rooms, hellmonk_ecumenical_altar_leap_of_faith, serial_curves,
          eino_curves_03, eino_curves_03, solitary_fountain, uniq_terence
D:3:      layout_basic, kennysheep_ying_yang, lemuel_old_faithful
D:4:      layout_rooms, nicolae_ossuary_entry_ruins, uniq_grinder
D:5:      layout_basic, nicolae_overflows_in_rows, temple_statues, uniq_menkaure
D:6:      layout_gridville, general_overflow_altar
D:7:      layout_layer_cave
D:8:      layout_basic, ebering_ghost_xom, uniq_pikel
D:9:      layout_cave_pools, minitemple, enter_bailey_4
Temple:   corrupted_temple

Skill      XL: |  1  2  3  4  5  6  7  8 |
---------------+-------------------------+-----
Long Blades    | 3 4 5 |  5.7
Fighting       | 4 5 6 |  6.1
Armour         | 4 5 6 |  6.1
Shields        | 4 5 6 |  6.1

Action                   |  1- 3 |  4- 6 |  7- 9 || total
-------------------------+-------+-------+-------++-------
Melee: Long sword        |    65 |   202 |   244 ||   511
Throw: Dart              |       |     6 |     7 ||    13
  Use: Potion            |       |     1 |     2 ||     3
Armor: Scale mail        |    33 |   137 |    70 ||   240
       Leather armour    |       |       |    45 ||    45
Dodge: Dodged            |    34 |   121 |   153 ||   308
Block: Buckler           |    19 |    67 |    80 ||   166
